 Dungeon Crawl Stone Soup version 0.25-a0-1024-gbfbf38f2cb (webtiles) character file.

Game seed: 3976618326482067539, levelgen mode: classic

44 Amnesiac the Twirler (level 3, 0/20 HPs)
             Began as a Deep Elf Gladiator on May 12, 2020.
             Was an Initiate of Okawaru.
             Slain by Jessica
             ... wielding a +0 dagger
              (3 damage)
             ... on level 2 of the Dungeon.
             The game lasted 00:03:02 (1167 turns).

Amnesiac the Twirler (Deep Elf Gladiator)           Turns: 1167, Time: 00:03:02

Health: 0/20       AC:  7    Str: 12    XL:     3   Next: 41%
Magic:  5/5        EV: 10    Int: 12    God:    Okawaru [......]
Gold:   22         SH:  0    Dex: 16    Spells: 2/2 levels left

rFire    . . .     SeeInvis .   a - +0 quarterstaff
rCold    . . .     Gourm    .   (shield currently unavailable)
rNeg     . . .     Faith    .   g - +0 scale mail
rPois    .         Spirit   .   c - +0 helmet
rElec    .         Reflect  .   (no cloak)
rCorr    .         Harm     .   (no gloves)
MR       .....                  (no boots)
Stlth    ..........             (no amulet)
HPRegen  0.06/turn              (no ring)
MPRegen  0.09/turn              (no ring)

@: no status effects
A: no striking features
a: Renounce Religion


You were on level 2 of the Dungeon.
You worshipped Okawaru.
Okawaru was noncommittal.
You were not hungry.

You visited 1 branch of the dungeon, and saw 2 of its levels.

You collected 22 gold pieces.

Inventory:

Hand Weapons
 a - a +0 quarterstaff (weapon)
Missiles
 k - 42 arrows
Armour
 c - a +0 helmet (worn)
 g - a +0 scale mail (worn)
Scrolls
 h - a scroll of identify {!r, unknown}
 i - 2 scrolls of amnesia {!r, unknown}
 j - a scroll of teleportation {!r, unknown}
 m - a scroll of enchant weapon {!r, unknown}
 n - 2 scrolls of fear {!r, unknown}
Potions
 d - a potion of cancellation {!q, unknown}
 e - 3 potions of ambrosia {!q}
 l - a potion of mutation {!q, unknown}
Comestibles
 f - 2 rations


   Skills:
 - Level 1.5 Fighting
 + Level 4.5 Staves
 - Level 2.0 Throwing
 - Level 3.6 Dodging


You had 2 spell levels left.
You didn't know any spells.
Your spell library was empty.

Dungeon Overview and Level Annotations

Branches:
Dungeon (2/15)

Altars:
Ashenzari
Dithmenos
Okawaru
Sif Muna

Annotations:
D:2 Jessica


Message History

You drop a +0 leather armour.
You start resting.
Eating one of 2 chunks of flesh.
You eat one of the 2 chunks of flesh.
This raw flesh tastes terrible.
All of the chunks of flesh in your inventory have rotted away.
HP restored.
You climb downwards. 3 hobgoblins come into view.
The hobgoblin shouts! x2
Jessica the Apprentice Sorceress comes into view.
She is wielding a +0 dagger.
The hobgoblin barely misses you.
Found a stone staircase leading down.
There is a stone staircase leading up here.
Jessica shouts!
You sock the hobgoblin!
You kill the hobgoblin!
Okawaru accepts your kill.
The hobgoblin hits you but does no damage.
Jessica casts a spell.
Jessica blinks!
The hobgoblin completely misses you.
You climb upwards.
There is a stone staircase leading down here.
You see here a +0 leather armour.
You barely miss the hobgoblin. The hobgoblin closely misses you.
You hit the hobgoblin.
The hobgoblin is severely wounded.
The hobgoblin barely misses you.
You hit the hobgoblin.
You kill the hobgoblin!
Okawaru accepts your kill.
No target in view!
You climb downwards.
Level annotation: Jessica Jessica gestures wildly while chanting.
Jessica blinks!
The hobgoblin misses you.
There is a stone staircase leading up here.
You thump the hobgoblin!
You kill the hobgoblin!
Okawaru accepts your kill. Jessica casts a spell at you.
You resist with some effort. Jessica hits you with a +0 dagger.
Found a club and a scroll labeled MAJEL XOLA.
You hit Jessica.
Jessica is moderately wounded.
Jessica gestures wildly while chanting.
Jessica seems to speed up.
Jessica hits you with a +0 dagger.
You hit Jessica.
Jessica is heavily wounded.
Jessica hits you but does no damage.
You hit Jessica.
Jessica is severely wounded.
Jessica hits you with a +0 dagger. Jessica hits you but does no damage.
You barely miss Jessica.
Jessica is severely wounded.
Jessica barely misses you.
Jessica points at you and mumbles some strange words.
Pain shoots through your body!
Ouch! That really hurt!
* * * LOW HITPOINT WARNING * * *
You barely miss Jessica.
Jessica is severely wounded.
Jessica hits you with a +0 dagger.
You die...

### .# #..
.. #.##.#
#.#..#
#.#).##
#.#...
#######)#@##
.......<@..#
#######.#..#
...#.>#
#......?..
#.####..###
... ..# ###
#.# .#


You could see Jessica (fast).

Vanquished Creatures
  2 dart slugs (D:1)
  3 leopard geckos (D:1)
  7 bats
  4 hobgoblins
  4 jackals (D:1)
  4 kobolds (D:1)
  A frilled lizard (D:1)
  5 goblins
  4 rats (D:1)
34 creatures vanquished.

Notes
Turn   | Place    | Note
-------+----------+-------------------------------------------
     0 | D:1      | Amnesiac the Deep Elf Gladiator began the quest for the
                  | Orb.
     0 | D:1      | Reached XP level 1. HP: 12/12 MP: 3/3
   241 | D:1      | Reached XP level 2. HP: 15/16 MP: 4/4
   457 | D:1      | Reached skill level 4 in Staves
   502 | D:1      | Reached XP level 3. HP: 14/20 MP: 5/5
   814 | D:2      | Found a shadowy altar of Dithmenos.
   815 | D:2      | Found an iron altar of Okawaru.
   825 | D:2      | Found a shimmering blue altar of Sif Muna.
   825 | D:2      | Found a shattered altar of Ashenzari.
   832 | D:2      | Became a worshipper of Warmaster Okawaru
  1152 | D:2      | Noticed Jessica
  1167 | D:2      | Slain by Jessica

Illustrated notes

Levels and vault maps discovered:
D:1:      lemuel_arrival_funnel, layout_basic, hangedman_glass_teeth
D:2:      layout_loops_ring, lemuel_crystal_altar, grunt_temple_overflow_open,
          fedhas_altar_3, first_ration, uniq_terence, uniq_jessica

Skill      XL: |  1  2 |
---------------+-------+-----
Staves         | 4 |  4.5
Fighting       | |  1.5
Throwing       | |  2.0
Dodging        | |  3.6

Action                   || total
-------------------------++-------
Melee: Quarterstaff      ||   104
Throw: Throwing net      ||     8
  Use: Potion            ||     1
 Stab: Held in net/web   ||     2
  Eat: Chunk             ||     1
Armor: Leather armour    ||    35
       Scale mail        ||     3
Dodge: Dodged            ||   101

Table legend:
 A = Non-vault XP
 B = Vault XP
 C = Vault XP percentage of total XP
 D = Non-vault monster count
 E = Vault monster count
 F = Vault count percentage of total count
                 A         B        C        D         E       F
            +---------+---------+-------+---------+---------+-------
      Total |      64 |       0 |   0.0 |      34 |       0 |   0.0
            +---------+---------+-------+---------+---------+-------
        D:1 |      57 |       0 |   0.0 |      30 |       0 |   0.0
        D:2 |       7 |       0 |   0.0 |       4 |       0 |   0.0
            +---------+---------+-------+---------+---------+-------
